FourkCrashesConstantly, neutral female scurrid Tourist ------- |.I... |..- |..| |..- |... ---+- FourkCrashesConstantly the Rambler Experience level: 1 Strength: 11 Dexterity: 9 Constitution: 14 Intelligence: 14 Wisdom: 11 Charisma: 16 Health: 0(9) Energy: 2(2) Def: 0 Gold: 990 Moves: 175 Dungeon seed: 6PdUAEj6Dm8UNl5u Game ID: FourkCrashesConstantly_1498232873 Your Inventory: Coins $ - 990 gold pieces Weapons a - 37 uncursed +2 darts (in quiver) Armor e - an uncursed +0 Hawaiian shirt (being worn) Comestibles b - 3 uncursed food rations c - 3 uncursed chestnuts d - 2 uncursed eggs f - an uncursed banana g - an uncursed candy bar h - an uncursed fortune cookie Scrolls k - 4 uncursed scrolls of magic mapping Potions i - a blessed potion of extra healing j - an uncursed potion of extra healing Wands n - an uncursed wand of secret door detection (0:11) Tools l - an uncursed expensive camera (0:77) m - an uncursed credit card o - an uncursed towel Spells and supernatural/magical abilities: Name Level Category Fail Memory W - pray for help -- divine ? -- Your skills at the end: Miscellaneous Skills wands [Basic] Weapon Skills dart [Basic] Spellcasting Skills Final Attributes: You were devoutly aligned. You had infravision. You were very stealthy. You are dead. Vanquished creatures: a newt Voluntary challenges: You followed a strict vegan diet. You did not adorn yourself with jewelry or accessories. You did not cause conflict. You were not invisible. You did not have reflection. You were not displaced. You were an atheist. You never hit with a wielded weapon. You were a pacifist. You did not use tools. You did not use plumbed fixtures. You did not drink any magical draughts. You were illiterate. You never genocided any monsters. You never polymorphed an object. You never changed form. You used no wishes. You never split a pudding. You never wrote Elbereth's name. You never violated your personal moral code. Dungeon overview: The Dungeons of Doom: levels 1 to 13 Level 1 a long staircase Level 2 Level 3 Level 4 Level 5 Level 6 a fountain Level 7 Level 8 Level 9 Level 10 Level 11 Level 12 Level 13 <- You were here History has recorded: On T:1 you entered the Dungeons of Doom to retrieve the Amulet of Yendor! On T:145 you reached level 2 of The Dungeons of Doom. On T:148 you reached level 3 of The Dungeons of Doom. On T:152 you reached level 4 of The Dungeons of Doom. On T:154 you reached level 5 of The Dungeons of Doom. On T:157 you reached level 6 of The Dungeons of Doom. On T:159 you reached level 7 of The Dungeons of Doom. On T:161 you reached level 8 of The Dungeons of Doom. On T:163 you reached level 9 of The Dungeons of Doom. On T:166 you reached level 10 of The Dungeons of Doom. On T:168 you reached level 11 of The Dungeons of Doom. On T:170 you reached level 12 of The Dungeons of Doom. On T:172 you reached level 13 of The Dungeons of Doom. Score breakdown: Gold: 27 ( 2 points) Experience: 1 level ( 0 points) Exploration: 13 levels ( 360 points) Discoveries: 0 items ( 0 points) Variety of kills: 1 monster ( 50 points) Major goal: (nothing yet) ( 0 points) Survival: died (score multiplied by 3) Total score: 1236 Latest messages: You fall through... You start digging downward. You continue digging downward. You dig a pit in the floor. You continue digging downward. You dig a hole through the floor. You fall through... You start digging downward. You continue digging downward. You dig a pit in the floor. You continue digging downward. You dig a hole through the floor. You fall through... You receive a faint telepathic message from Twoflower: Your help is urgently needed at Ankh-Morpork! Look for a ...ic transporter. You couldn't quite make out that last message. You start digging downward. The homunculus bites! You are put to sleep! Something bites! (2x) You die... Final status: Aloha FourkCrashesConstantly the Tourist, killed by a homunculus, while sleeping... You died in The Dungeons of Doom on dungeon level 13 with 1236 points, and 990 pieces of gold, after 175 moves. You were level 1 with a maximum of 9 hit points when you died.